 Dungeon Crawl Stone Soup version 0.29.1-15-g9cfb28693d (webtiles) character file.

Game seed: 393121366857925739

184 bnorton916 the Digger (level 5, 0/28 HPs)
             Began as a Gargoyle Earth Elementalist on May 2, 2023.
             Slain by a gnoll
             ... wielding a +0 flail
              (10 damage)
             ... on level 2 of the Dungeon.
             The game lasted 00:03:48 (3390 turns).

bnorton916 the Digger (Gargoyle Earth Elementalist) Turns: 3390, Time: 00:03:53

Health: 0/28       AC:  7    Str: 11    XL:     5   Next: 63%
Magic:  8/10       EV: 11    Int: 18    God:
Gold:   206        SH:  0    Dex: 10    Spells: 4/10 levels left

rFire   . . .      SeeInvis .   (no weapon)
rCold   . . .      Faith    .   (no shield)
rNeg    + . .      Spirit   .   a - +0 robe
rPois   ∞          Reflect  .   (no helmet)
rElec   +          Harm     .   (no cloak)
rCorr   .          Rampage  .   (no gloves)
Will    .....                   n - +0 pair of boots
Stlth   ++........              (no amulet)
HPRegen 0.09/turn               (no ring)
MPRegen 0.12/turn               (no ring)

@: no status effects
A: sickness immunity, AC +4, negative energy resistance 1, electricity
resistance, torment resistance 1, petrification resistance
a: no special abilities


You were on level 2 of the Dungeon.
You visited 1 branch of the dungeon, and saw 3 of its levels.

You collected 206 gold pieces.

Inventory:

Missiles
 d - a throwing net
Armour
 a - a +0 robe (worn)
 n - a +0 pair of boots (worn)
Scrolls
 e - a scroll of teleportation {unknown}
 f - a scroll of butterflies {unknown}
 g - 2 scrolls of magic mapping {unknown}
 h - a scroll of amnesia {unknown}
 i - 2 scrolls of identify {unknown}
 l - a scroll of enchant weapon {unknown}
Potions
 b - a potion of magic
 c - a potion of lignification {unknown}
 j - a potion of haste {unknown}
 k - a potion of flight {unknown}
 m - a potion of heal wounds {unknown}


   Skills:
 - Level 1.5 Dodging
 - Level 2.1 Stealth
 + Level 3.4 Spellcasting
 + Level 1.7 Conjurations
 - Level 2.0 Transmutations
 + Level 5.1 Earth Magic


You had 4 spell levels left.
You knew the following spells:

 Your Spells              Type           Power      Damage    Failure   Level
a - Sandblast             Erth           42%        2d11      1%          1
b - Passwall              Tmut/Erth      13%        N/A       5%          2
c - Stone Arrow           Conj/Erth      30%        3d8       12%         3

Your spell library contained the following spells:

 Spells                   Type           Power      Damage    Failure   Level
 Scorch                   Fire           6%         2d5       24%         2
 Petrify                  Tmut/Erth      16%        N/A       34%         4
 Flame Wave               Conj/Fire      6%         2d5       73%         4
 Summon Cactus Giant      Summ           1%         N/A       100%        6


Dungeon Overview and Level Annotations

Branches:
Dungeon (3/15)

Altars:
Fedhas
Yredelemnul


Innate Abilities, Weirdness & Mutations

You are immune to sickness and miasma.
Your stone body is resilient. (AC +4)
You are immune to poison.
You resist negative energy. (rN+)
You are resistant to electric shocks. (rElec)
You are resistant to unholy torment.
You are immune to petrification.


Message History

You kill the gnoll!
Casting: Sandblast (safe; 1% risk of failure)
Confirm with . or Enter, or press ? or * to list all spells.
You can't see any susceptible monsters within range! (Use Z to cast anyway.)
Casting: Sandblast (safe; 1% risk of failure)
Confirm with . or Enter, or press ? or * to list all spells.
You can't see any susceptible monsters within range! (Use Z to cast anyway.) Unknown command.
You start resting.
Magic restored.
You start resting.
HP restored.
You start waiting.
Done waiting.
You start waiting.
Done waiting.
You climb downwards.
The gnoll hits you with a +0 flail! The gnoll closely misses you.
There is a stone staircase leading up here.
Unknown command.
The gnoll hits you with a +0 flail!
You climb upwards.
There is a stone staircase leading down here.
Casting: Sandblast (safe; 1% risk of failure)
Confirm with . or Enter, or press ? or * to list all spells.
Aiming: Sandblast (safe; 1% risk of failure)
Press: ? - help, Shift-Dir - straight line, f - gnoll
Aim: a gnoll, wielding a +0 flail (85% to hit)
The blast of sand hits the gnoll.
The gnoll is moderately wounded.
The gnoll hits you with a +0 flail.
Casting: Sandblast (safe; 1% risk of failure)
Confirm with . or Enter, or press ? or * to list all spells.
Aiming: Sandblast (safe; 1% risk of failure)
Press: ? - help, Shift-Dir - straight line, f/p - gnoll
Aim: a gnoll, wielding a +0 flail (moderately wounded, 85% to hit)
The blast of sand hits the gnoll but does no damage.
The gnoll is moderately wounded.
The gnoll misses you. The gnoll hits you with a +0 flail!
You die...

.....# #....# #.###.## #.......
####)###....####.##...####.......
#..............#....#............
#.###.......##.####...######.....
#.# #.......##.##...............#
..# ###.#.####........######.....
### #.#.####......#...# ###..#
#.#.#.....)...##..# #..#
#.#.#....#@g..#.#.## #..#
#.#.#.#.###....##..# #..#
#######.#......#..#####..#####...
.........#...##.#.# #.....##.##
#####....÷....#############.##.#
##...#...##..).......##.##.#
##.###.###..........##.##.##
#.......##'##..##..##..†...
###########.####..######'########


You could see a gnoll.

Vanquished Creatures
  Natasha (twice) (D:3)
  3 gnolls
  3 adders (D:2)
  A dart slug (D:3)
  A worm (D:2)
  An orc (D:3)
  7 ball pythons
  6 bats
  5 endoplasms
  2 giant cockroaches
  9 hobgoblins
  4 jackals (D:1)
  5 quokkas
  2 frilled lizards
  8 goblins
  5 kobolds
  7 rats
71 creatures vanquished.

Vanquished Creatures (others)
  A plant (D:3)
1 creature vanquished.

Grand Total: 72 creatures vanquished

Notes
Turn   | Place    | Note
-------+----------+-------------------------------------------
     0 | D:1      | bnorton916 the Gargoyle Earth Elementalist began the quest
                  | for the Orb.
     0 | D:1      | Reached XP level 1. HP: 10/10 MP: 3/3
    25 | D:1      | Reached skill level 1 in Transmutations
   101 | D:1      | Reached XP level 2. HP: 13/15 MP: 3/5
   637 | D:1      | Reached skill level 4 in Earth Magic
  1123 | D:1      | Reached XP level 3. HP: 19/19 MP: 3/6
  1170 | D:1      | Found a faded altar of an unknown god.
  2016 | D:2      | Reached XP level 4. HP: 23/24 MP: 3/8
  2148 | D:2      | Found a basalt altar of Yredelemnul.
  2405 | D:2      | Learned a level 2 spell: Passwall
  2409 | D:2      | Learned a level 3 spell: Stone Arrow
  2692 | D:3      | Noticed Natasha
  2696 | D:3      | Killed Natasha
  2697 | D:3      | Reached XP level 5. HP: 28/28 MP: 4/9
  2707 | D:3      | Reached skill level 1 in Conjurations
  2974 | D:3      | Noticed Natasha
  2975 | D:3      | Found a blossoming altar of Fedhas.
  2979 | D:3      | Killed Natasha
  2980 | D:3      | Reached skill level 5 in Earth Magic
  3390 | D:2      | Slain by a gnoll

Illustrated notes

Levels and vault maps discovered:
D:1:      shiori_arrival_oz, layout_loops_ring, nicolae_ecumenical_lake_church,
          st_stairs_3, chequers_serial_rivers_large_b, minmay_tripent
D:2:      minmay_chambers_of_twos, layout_loops_ring, basic_altar,
          dk_noncrumbling_3
D:3:      layout_loops_ring, fedhas_ov_isle_minmay, minmay_close_crescents,
          uniq_natasha

Skill      XL: |  1  2  3  4  5 |
---------------+----------------+-----
Transmutations | 1 2 |  2.0
Earth Magic    | 4 5 |  5.1
Spellcasting   | 3 |  3.4
Conjurations   | 1 |  1.7
Dodging        | |  1.5
Stealth        | |  2.1

Action                   |  1- 3 |  4- 6 || total
-------------------------+-------+-------++-------
Melee: Unarmed           |     1 |     2 ||     3
 Cast: Sandblast         |    56 |    50 ||   106
Armor: Robe              |    17 |     7 ||    24
Dodge: Dodged            |    27 |     7 ||    34
